Map: Oxide LE

Players

Neeblet (Neeb)

  • Race: Protoss Protoss

HeroMarine - Winner!

  • Race: Terran Terran
  • League: Grandmaster

Event: DreamHack SC2 Masters 2021 Summer

VOD

Have the link to the VOD?

Description

Time

  • Played on: July 2, 2021, 12:28 p.m.
  • Length: 8:52

All games in this series

Show
View Real Time Build Order
Export as new Build Order

Neeblet Protoss 

Build Orders: Oracle Opening, Phoenix Opening 

Get SALT Encoding   

  12  0:00  Probe  
  13  0:12  Probe  
  14  0:18  Pylon  
  14  0:24  Probe (Chrono Boost)  
  15  0:36  Probe (Chrono Boost)  
  15  0:37  Gateway  
  16  0:44  Probe (Chrono Boost)  
  16  0:45  Assimilator  
  17  0:51  Probe  
  18  1:03  Probe  
  19  1:15  Probe  
  20  1:24  Cybernetics Core  
  20  1:30  Probe  
  21  1:33  Pylon  
  21  1:43  Probe  
  22  1:49  Nexus  
  22  1:54  Assimilator  
  22  1:58  Adept (Chrono Boost)  
  24  2:05  Probe  
  25  2:17  Stargate  
  25  2:18  Probe (Chrono Boost)  
  26  2:23  Adept  
  28  2:30  Pylon  
  28  2:34  Probe (Chrono Boost)  
  28  2:35  Warp Gate  
  29  2:45  Probe  
  30  2:57  Probe  
  33  2:59  Oracle (Chrono Boost)  
  33  3:03  Probe  
  35  3:06  Adept  
  35  3:07  Shield Battery  
  35  3:09  Probe  
  38  3:15  Probe  
  39  3:21  Probe  
  39  3:24  Shield Battery  
  40  3:27  Probe  
  40  3:32  Phoenix (Chrono Boost)  
  40  3:33  Probe  
  44  3:39  Probe  
  45  3:46  Probe, Gateway  
  46  3:51  Probe  
  46  3:53  Gateway  
  47  3:58  Probe  
  47  3:59  Phoenix (Chrono Boost)  
  50  4:03  Probe  
  50  4:05  Pylon  
  51  4:10  Probe  
  51  4:15  Probe  
  53  4:22  Pylon  
  53  4:23  Probe, Phoenix (Chrono Boost)  
  56  4:26  Stalker  
  56  4:28  Probe  
  59  4:35  Probe  
  60  4:42  Phoenix  
  60  4:44  Stalker  
  64  4:50  Zealot x2  
  68  4:53  Pylon  
  68  4:58  Nexus  
  68  5:00  Probe  
  68  5:01  Probe  
  70  5:11  Stalker  
  70  5:12  Stalker  
  74  5:15  Stalker  
  74  5:17  Probe  
  74  5:18  Probe  
  69  5:29  Probe (Chrono Boost)  
  69  5:31  Probe (Chrono Boost)  
  69  5:38  Assimilator  
  69  5:39  Assimilator  
  69  5:41  Probe (Chrono Boost)  
  69  5:42  Probe (Chrono Boost)  
  71  5:46  Probe (Chrono Boost)  
  71  5:47  Twilight Council, Probe (Chrono Boost)  
  71  5:48  Forge  
  73  5:53  Shield Battery  
  74  5:57  Probe (Chrono Boost)  
  74  5:58  Probe (Chrono Boost)  
  75  6:05  Forge  
  75  6:08  Assimilator, Robotics Facility, Probe (Chrono Boost)  
  75  6:10  Assimilator  
  78  6:12  Probe (Chrono Boost)  
  78  6:13  Probe (Chrono Boost)  
  78  6:17  Probe (Chrono Boost), Protoss Ground Armor Level 1 (Chrono Boost)  
  79  6:19  Sentry  
  79  6:21  Probe (Chrono Boost)  
  79  6:22  Probe (Chrono Boost)  
  79  6:24  Probe (Chrono Boost)  
  84  6:29  Probe  
  84  6:31  Probe  
  86  6:35  Blink  
  86  6:36  Probe  
  86  6:38  Pylon  
  87  6:40  Protoss Ground Weapons Level 1 (Chrono Boost)  
  87  6:41  Probe  
  87  6:43  Pylon  
  87  6:44  Probe  
  89  6:48  Probe  
  89  6:50  Pylon  
  89  6:53  Probe  
  91  6:55  Robotics Bay  
  89  7:03  Pylon  
  89  7:06  Immortal (Chrono Boost)  
  91  7:16  Gateway  
  91  7:17  Gateway  
  91  7:18  Gateway  
  91  7:19  Sentry  
  91  7:21  Gateway  
  93  7:25  Sentry, Stalker  
  93  7:26  Probe, Gateway  
  98  7:34  Pylon  
  98  7:38  Colossus (Chrono Boost)  
  104  7:45  Stalker  
  104  7:51  Stalker x2  
  110  7:53  Pylon  
  110  7:56  Pylon  
  96  8:11  Stalker x3  
  90  8:14  Zealot x2  
  90  8:15  Zealot x2  
  94  8:25  Zealot  
  95  8:31  Shield Battery  
  95  8:33  Photon Cannon  
  89  8:34  Stalker x3  
  89  8:35  Stalker  
  89  8:36  Zealot x3  
  99  8:47  Stalker  
Show
View Real Time Build Order
Export as new Build Order

HeroMarine Terran - Winner!

Build Orders:  

Get SALT Encoding   

  12  0:00  SCV  
  13  0:12  SCV  
  14  0:17  Supply Depot  
  14  0:24  SCV  
  15  0:38  SCV  
  15  0:40  Barracks  
  15  0:42  Refinery  
  16  0:50  SCV  
  17  1:03  SCV  
  18  1:15  SCV  
  19  1:27  Orbital Command, Marine  
  20  1:45  Reaper  
  21  1:48  Command Center  
  21  1:55  Supply Depot, SCV  
  22  2:07  SCV  
  23  2:09  Factory  
  23  2:17  Marine  
  23  2:19  SCV  
  23  2:20  Bunker  
  25  2:25  Refinery  
  25  2:31  SCV  
  25  2:35  Barracks Reactor  
  26  2:44  SCV  
  27  2:54  Hellion, Starport  
  27  2:56  SCV  
  30  2:59  Orbital Command  
  30  3:08  SCV  
  30  3:12  Marine x2  
  33  3:19  Factory Tech Lab  
  32  3:20  SCV  
  32  3:25  SCV  
  34  3:30  Viking, Marine x2  
  34  3:32  SCV  
  34  3:34  Supply Depot  
  39  3:38  Cyclone  
  42  3:41  SCV  
  42  3:44  SCV  
  42  3:48  Marine x2  
  46  3:55  SCV  
  47  3:56  Supply Depot, SCV  
  47  4:00  Medivac  
  50  4:05  Marine  
  50  4:06  Marine  
  50  4:07  SCV  
  50  4:08  SCV  
  54  4:10  Supply Depot  
  54  4:17  Cyclone  
  54  4:18  Supply Depot  
  54  4:19  SCV  
  54  4:20  SCV  
  54  4:23  Marine x2  
  61  4:31  Viking, SCV  
  61  4:32  SCV  
  65  4:42  Supply Depot, Marine x2  
  65  4:44  SCV  
  65  4:45  SCV  
  69  4:58  Command Center  
  71  5:01  Siege Tank  
  71  5:02  Marine x2  
  71  5:05  Barracks  
  71  5:06  SCV  
  71  5:07  SCV  
  76  5:10  Starport Tech Lab  
  76  5:18  Barracks  
  76  5:19  SCV  
  76  5:20  Marine x2  
  76  5:22  SCV  
  71  5:33  Siege Tank, SCV  
  71  5:34  SCV  
  60  5:38  Engineering Bay, Marine x2  
  60  5:39  Refinery x2  
  64  5:45  SCV  
  64  5:46  SCV  
  66  5:56  Marine x2  
  66  5:57  Barracks  
  66  5:58  Barracks, Stimpack, SCV x2  
  66  5:59  Marine  
  68  6:04  Terran Infantry Weapons Level 1  
  68  6:08  Starport Reactor  
  68  6:10  SCV x2  
  68  6:11  Orbital Command, Factory Reactor, Marine  
  70  6:13  Marine  
  70  6:14  Marine  
  70  6:15  Missile Turret  
  70  6:17  Marine  
  74  6:20  Missile Turret  
  74  6:23  Combat Shield  
  74  6:25  SCV  
  74  6:26  SCV  
  74  6:29  Marine  
  74  6:31  Marine x2  
  79  6:35  Orbital Command, Marauder  
  79  6:36  Missile Turret  
  79  6:37  SCV  
  79  6:38  SCV  
  83  6:43  Supply Depot x2  
  83  6:45  Barracks Reactor  
  83  6:46  Barracks Tech Lab  
  83  6:48  Medivac, Marauder  
  83  6:49  Marine x2  
  83  6:50  SCV x2  
  83  6:51  Medivac  
  93  6:56  Widow Mine x2, Marine  
  97  7:02  SCV x2  
  97  7:06  Marauder  
  97  7:07  Marine x2  
  97  7:08  SCV  
  104  7:09  Marauder  
  104  7:11  Supply Depot  
  104  7:14  SCV  
  104  7:15  Supply Depot, Missile Turret  
  107  7:18  Marauder  
  107  7:19  Refinery  
  107  7:21  Refinery  
  107  7:22  Medivac x2  
  113  7:25  Marine  
  113  7:26  Marine  
  113  7:27  Marauder  
  117  7:30  Marine  
  117  7:31  Marine  
  117  7:35  Supply Depot  
  117  7:36  Supply Depot, SCV x2  
  116  7:37  SCV  
  116  7:39  Marauder  
  116  7:41  Marine  
  120  7:49  Marauder, Marine  
  120  7:50  Marine x2  
  125  7:52  Marine  
  125  7:57  Factory Tech Lab  
  118  8:02  Marauder  
  118  8:03  SCV x3  
  118  8:04  Marine  
  114  8:06  Medivac x2  
  114  8:07  Marine  
  114  8:08  Marine x2  
  114  8:10  Marauder, Marine  
  120  8:22  Marauder  
  120  8:23  Marine  
  120  8:25  Marine  
  120  8:26  Marine x2  
  125  8:27  Refinery  
Tags
 
Add a new tag
Caveats
  • Supply blocks, unpowered buildings, or Contaminate may cause inaccurate times.
  • Supply counts are checked every 10 seconds.